 Dungeon Crawl Stone Soup version 0.27.0-65-ge2af304b15 (webtiles) character file.

Game seed: 5585172271503829441

10024 dtburroughs the Fighter (level 11, -21/148 HPs)
             Began as a Minotaur Berserker on Aug 18, 2021.
             Was a High Priest of Trog.
             Killed from afar by a ynoxinul (29 damage)
             ... with an iron shot
             ... summoned by a kobold demonologist
             ... on level 11 of the Dungeon.
             The game lasted 00:22:31 (12435 turns).

dtburroughs the Fighter (Minotaur Berserker)       Turns: 12435, Time: 00:22:32

Health: -21/148    AC: -2    Str: 21    XL:     11   Next: 30%
Magic:  10/10      EV: 15    Int:  7    God:    Trog [*****.]
Gold:   359        SH:  6    Dex: 11    Spells: 10/10 levels left

rFire    . . .     SeeInvis +   N - +2 war axe
rCold    . . .     Faith    .   f - +0 buckler
rNeg     . . .     Spirit   .   p - +0 chain mail
rPois    .         Reflect  .   (helmet restricted)
rElec    .         Harm     .   t - +0 cloak
rCorr    .         Rampage  .   J - +0 pair of gloves
Will     .....                  h - +2 pair of boots
Stlth    ..........             (no amulet)
HPRegen  0.34/turn              o - ring of see invisible
MPRegen  0.12/turn              e - +4 ring of evasion

@: berserking, lethally poisoned (-21 -> -27), corroded, studying Long Blades,
very quick
A: horns 2, retaliatory headbutt
a: Renounce Religion, Berserk, Trog's Hand, Brothers in Arms


You were on level 11 of the Dungeon.
You worshipped Trog.
Trog was extremely pleased with you.
You visited 1 branch of the dungeon, and saw 11 of its levels.
You also visited: Bailey.

You collected 587 gold pieces.
You spent 228 gold pieces at shops.

Inventory:

Hand Weapons
 u - a +0 antimagic mace
 N - a +2 war axe (weapon)
 O - a +1 morningstar
Missiles
 m - a throwing net (quivered)
Armour
 f - a +0 buckler (worn)
 h - a +2 pair of boots (worn)
 p - a +0 chain mail (worn)
 t - a +0 cloak (worn)
 J - a +0 pair of gloves (worn)
Jewellery
 e - a +4 ring of evasion (right hand)
 o - a ring of see invisible (left hand)
 s - a +4 ring of protection
 y - a +6 ring of strength
Wands
 a - a wand of paralysis (15)
 q - a wand of polymorph (7)
 w - a wand of flame (25)
 M - a wand of iceblast (16)
Scrolls
 c - 2 scrolls of noise
 d - a scroll of immolation {unknown}
 g - 3 scrolls of blinking
 i - 4 scrolls of teleportation
 k - a scroll of summoning {unknown}
 r - 2 scrolls of vulnerability {unknown}
 E - a scroll of magic mapping {unknown}
 F - 3 scrolls of amnesia {unknown}
 L - 2 scrolls of fog {unknown}
Potions
 b - 2 potions of brilliance {unknown}
 j - 4 potions of flight
 l - 2 potions of attraction
 n - a potion of heal wounds {unknown}
 x - 2 potions of cancellation
 z - 6 potions of curing
 B - a potion of resistance {unknown}
 C - 2 potions of lignification
 G - 3 potions of might {unknown}
 H - 2 potions of haste
 K - a potion of magic {unknown}


   Skills:
 + Level 9.9 Fighting
 + Level 9.8 Axes
 + Level 9.6 Armour
 + Level 8.8 Dodging
 + Level 8.9 Shields
 + Level 4.6 Evocations


You had 10 spell levels left.
You didn't know any spells.
Your spell library was empty.

Dungeon Overview and Level Annotations

Branches:
Dungeon (11/15)            Temple (0/1) D:6            Lair (0/6) D:9
    Orc (0/2) D:9          Bailey (visited)

Altars:
Yredelemnul

Shops:
D:2 (   D:9 !


Innate Abilities, Weirdness & Mutations

You have a pair of horns on your head.
You reflexively headbutt those who attack you in melee.


Message History

The kobold demonologist is severely wounded.
You hit the crimson imp but do no damage.
You closely miss the ufetubus.
You hit the rust devil but do no damage.
You closely miss the crimson imp.
You feel very sick.
The rust devil disappears in a puff of smoke!
The ufetubus barely misses you. The ufetubus closely misses you.
The crimson imp blinks!
The kobold demonologist misses you. You furiously retaliate!
You headbutt the kobold demonologist, but do no damage.
The ufetubus misses you. You furiously retaliate!
You headbutt the ufetubus, but do no damage.
The ufetubus barely misses you. The orange demon stings you from afar!
* * * LOW HITPOINT WARNING * * *
You block the crimson imp's attack.
A red film seems to cover your vision as you go berserk!
You feel yourself moving faster!
You feel mighty!
You feel very sick. You block the ufetubus's attack. x2
The kobold demonologist gestures wildly while chanting.
The orange demon stings you from afar!
* * * LOW HITPOINT WARNING * * *
You block the crimson imp's attack.
You hit the kobold demonologist but do no damage.
The kobold demonologist is severely wounded.
You miss the crimson imp. You completely miss the ufetubus.
You feel sick. You block the ufetubus's attack. The ufetubus hits you.
* * * LOW HITPOINT WARNING * * *
The kobold demonologist hits you with a +0 dagger.
* * * LOW HITPOINT WARNING * * *
You block the ufetubus's attack. The ufetubus closely misses you.
You closely miss the kobold demonologist.
The kobold demonologist is severely wounded.
You barely miss the crimson imp. You hit the ufetubus but do no damage.
* * * LOW HITPOINT WARNING * * *
You feel sick. The orange demon closely misses you.
The ynoxinul gestures at you. The iron shot hits you!!
You die...

.....................#
......................##
........................
........................
........................
................5....:..
...........#####....###
...........#§55'....#
...........#§.@#....###
.#######...#3§K#......#
#...#4..#......#
###.#####......#####
#................#
#....####......## #....#
###....# ####.# #....#
+.# #....#


You could see an orange demon (summoned), a kobold demonologist, a ynoxinul
(summoned), 2 crimson imps and an ufetubus (summoned).

Vanquished Creatures
  2 two-headed ogres
  3 death yaks (D:8)
  A komodo dragon (D:11)
  2 kobold demonologists
  2 trolls (D:10)
  A hornet (D:5)
  A shadow (D:9)
  A wraith (D:10)
  A wyvern (D:10)
  3 yaks
  Sigmund (D:3)
  A vampire (D:8)
  Menkaure (D:5)
  An ice beast (D:5)
  6 orc warriors
  3 sky beasts
  2 black bears
  A necrophage (D:7)
  5 ogres
  A phantom (D:6)
  3 centaurs
  4 bullfrogs
  A gnoll sergeant (D:10)
  3 kobold brigands
  A water moccasin skeleton (D:6)
  23 wights
  A howler monkey (D:9)
  2 centaur zombies (D:9)
  4 orc priests
  4 hounds
  Crazy Yiuf (D:3)
  Natasha (twice) (D:4 D:3)
  3 iguanas
  3 orc wizards
  A howler monkey zombie (D:6)
  Robin (D:3)
  7 gnolls
  A howler monkey skeleton (D:5)
  3 adders
  2 shadow imps
  2 worms
  2 dart slugs
  41 orcs
  4 ball pythons
  5 bats (D:1)
  7 endoplasms
  2 giant cockroaches
  14 goblins
  15 hobgoblins
  8 jackals
  24 kobolds
  4 quokkas
  A frilled lizard (D:3)
  5 rats
243 creatures vanquished.

Notes
Turn   | Place    | Note
-------+----------+-------------------------------------------
     0 | D:1      | dtburroughs the Minotaur Berserker began the quest for the
                  | Orb.
     0 | D:1      | Reached XP level 1. HP: 19/19 MP: 0/0
   390 | D:1      | Reached XP level 2. HP: 24/27 MP: 1/1
   910 | D:1      | Reached XP level 3. HP: 33/33 MP: 2/2
  1047 | D:1      | Reached ** piety under Trog
  1110 | D:1      | Found a faded altar of an unknown god.
  1609 | D:2      | Reached skill level 1 in Shields
  1721 | D:2      | Reached XP level 4. HP: 38/40 MP: 3/3
  1803 | D:2      | Found Xebliruat's Weapon Shop.
  2223 | D:3      | Noticed Robin
  2240 | D:3      | Killed Robin
  2471 | D:3      | Noticed Sigmund
  2491 | D:3      | Killed Sigmund
  2492 | D:3      | Reached XP level 5. HP: 7/47 MP: 4/4
  2493 | D:3      | HP: 1/70 [worm (7)]
  2886 | D:3      | Reached XP level 6. HP: 55/55 MP: 5/5
  3225 | D:3      | Found a runed translucent door.
  3226 | D:3      | Noticed Crazy Yiuf
  3461 | D:3      | Killed Crazy Yiuf
  3462 | D:3      | Reached skill level 5 in Fighting
  3525 | D:4      | Noticed Natasha
  3533 | D:4      | Killed Natasha
  3534 | D:4      | Reached skill level 5 in Axes
  3537 | D:4      | Reached *** piety under Trog
  3554 | D:4      | Noticed Natasha
  3579 | D:3      | Killed Natasha
  4019 | D:4      | Noticed a sky beast
  4025 | D:4      | Killed a sky beast
  4026 | D:4      | Reached XP level 7. HP: 61/61 MP: 6/6
  4338 | D:3      | Reached skill level 5 in Armour
  4718 | D:5      | Entered Level 5 of the Dungeon
  4940 | D:5      | Noticed Menkaure
  4950 | D:5      | Killed Menkaure
  4951 | D:5      | Reached skill level 5 in Dodging
  4969 | D:5      | Reached XP level 8. HP: 37/70 MP: 7/7
  5343 | D:5      | Noticed a hornet
  5359 | D:5      | Paralysed by a hornet for 1 turns
  5361 | D:5      | Killed a hornet
  5362 | D:5      | Reached skill level 5 in Shields
  5934 | D:6      | Found a staircase to the Ecumenical Temple.
  6216 | D:6      | Found a basalt altar of Yredelemnul.
  6400 | D:6      | Reached XP level 9. HP: 79/79 MP: 8/8
  6499 | D:6      | Reached **** piety under Trog
  7082 | D:7      | Reached skill level 1 in Evocations
  7416 | D:7      | Found a flagged portal.
  7450 | Bailey   | Entered a bailey
  7454 | Bailey   | Noticed an orc knight
  7455 | Bailey   | Noticed an orc knight
  8630 | D:8      | Reached XP level 10. HP: 90/90 MP: 9/9
  9141 | D:9      | Noticed a two-headed ogre
  9144 | D:9      | Killed a two-headed ogre
  9212 | D:9      | Found a staircase to the Orcish Mines.
  9243 | D:9      | Reached ***** piety under Trog
  9498 | D:9      | Noticed a death yak
  9525 | D:8      | Killed a death yak
  9938 | D:9      | Noticed a death yak
  9944 | D:9      | Noticed a death yak
  9957 | D:8      | Killed a death yak
 10298 | D:8      | Killed a death yak
 10756 | D:9      | Found a staircase to the Lair.
 10757 | D:9      | Noticed a rust devil
 10785 | D:9      | Noticed a sixfirhy
 10791 | D:9      | Reached XP level 11. HP: 72/97 MP: 10/10
 10919 | D:9      | Found Taydaj's Distillery.
 10962 | D:9      | Bought a potion of haste for 120 gold pieces
 10962 | D:9      | Bought a potion of curing for 36 gold pieces
 10962 | D:9      | Bought a potion of curing for 36 gold pieces
 10962 | D:9      | Bought a potion of curing for 36 gold pieces
 11118 | D:10     | Entered Level 10 of the Dungeon
 11893 | D:11     | Noticed a two-headed ogre
 11913 | D:11     | Killed a two-headed ogre
 12435 | D:11     | Killed from afar by a ynoxinul

Illustrated notes

Levels and vault maps discovered:
D:1:      beargit_arrival_diablo_church, layout_basic,
          chequers_ecumenical_altar_simple_redux, minmay_close_crescents
D:2:      layout_rooms, serial_shops, shop, dk_noncrumbling_4
D:3:      layout_loops_ring, minmay_stone_trees_large, uniq_crazy_yiuf_cottage,
          uniq_robin, uniq_sigmund
D:4:      layout_rooms, minmay_manual_monstrance, uniq_natasha
D:5:      layout_basic, minivault_23, kennysheep_donut,
          ebering_dispersal_statue_hall, lemuel_another_geyser, uniq_menkaure
D:6:      layout_basic, general_overflow_altar, minmay_temple_entry_steel_oval
D:7:      layout_basic, enter_bailey_7, minmay_statues_item, grunt_tough_drop
D:8:      layout_layer_cave
D:9:      layout_rooms, dpeg_lair_monsters, orc_0_dummy, serial_shops,
          kennysheep_mini
D:10:     layout_loops_ring
D:11:     layout_irregular_city, nzn_life_drinkers

Skill      XL: |  1  2  3  4  5  6  7  8  9 10 |
---------------+-------------------------------+-----
Fighting       | 4 5 6 7 8 9 |  9.9
Axes           | 4 5 6 7 8 9 |  9.8
Armour         | 3 4 5 6 8 9 |  9.6
Shields        | 1 2 3 4 5 7 8 |  8.9
Dodging        | 3 4 5 6 7 8 |  8.8
Evocations     | 2 4 |  4.6

Action                   |  1- 3 |  4- 6 |  7- 9 | 10-12 || total
-------------------------+-------+-------+-------+-------++-------
Melee: Hand axe          |    72 |   145 |    26 |       ||   243
       Headbutt          |    18 |    24 |    45 |    58 ||   145
       War axe           |       |       |   236 |   219 ||   455
Invok: Berserk           |     1 |     3 |     2 |     6 ||    12
       Trog's Hand       |       |     2 |     3 |       ||     5
  Use: Potion            |       |       |     1 |       ||     1
       Scroll            |       |       |     6 |       ||     6
 Stab: Sleeping          |     1 |       |       |       ||     1
Armor: Animal skin       |    16 |    15 |       |       ||    31
       Chain mail        |       |    38 |   132 |    82 ||   252
Dodge: Dodged            |    64 |   105 |   215 |   133 ||   517
Block: Buckler           |     8 |    24 |    83 |    57 ||   172
